 Dungeon Crawl Stone Soup version 0.21.1-1-g345015f (webtiles) character file.

1238 asishallab the Ruffian (level 8, -3/74 HPs)
             Began as a Troll Monk on May 13, 2018.
             Was a Believer of Cheibriados.
             Slain by a sky beast (5 damage)
             ... on level 6 of the Dungeon.
             The game lasted 00:17:04 (3697 turns).

asishallab the Ruffian (Troll Monk)                 Turns: 3697, Time: 00:17:05

Health: -3/74      AC:  7    Str: 24    XL:     8   Next: 25%
Magic:  4/7        EV: 14    Int: 10    God:    Cheibriados [**....]
Gold:   298        SH:  0    Dex: 18    Spells: 2/7 levels left

rFire    . . .     SeeInvis .     - Unarmed
rCold    . . .     Gourm    +   (no shield)
rNeg     . . .     Faith    .   a - +0 robe
rPois    .         Spirit   .   (helmet restricted)
rElec    .         Reflect  .   (no cloak)
rCorr    .         Harm     .   (gloves unavailable)
MR       .....                  (boots unavailable)
Stlth    ++........             (no amulet)
HPRegen  0.62/turn              h - ring of flight
MPRegen  0.10/turn              (no ring)

@: lethally poisoned (-3 -> -3), flying, very slow
A: large, unfitting armour, claws 3, horns 1, iridescent scales 1, fast
metabolism 3, gourmand, regeneration 1, shaggy fur 1, tough skin 2, wild magic
1, MP-powered wands
a: Bend Time, Renounce Religion


You were on level 6 of the Dungeon.
You worshipped Cheibriados.
Cheibriados was pleased with you.
You were completely stuffed.

You visited 1 branch of the dungeon, and saw 6 of its levels.

You collected 298 gold pieces.

Inventory:

Hand Weapons
 n - a +1 hunting sling
Missiles
 e - 100 stones
 g - 12 tomahawks (quivered)
 l - 19 sling bullets
Armour
 a - a +0 robe (worn)
Jewellery
 h - a ring of flight (left claw)
Wands
 r - a wand of enslavement (12)
 t - a wand of paralysis (13)
Scrolls
 d - 3 scrolls of teleportation
 f - a scroll of enchant weapon
 j - 3 scrolls of fog
 o - a scroll of identify
 s - a scroll of immolation {unknown}
 v - 2 scrolls of magic mapping
Potions
 i - 3 potions of curing
 m - a potion of agility
 q - a potion of heal wounds
Books
 p - a book of Necromancy

   Spells                             Type                      Level
   a - Pain                           Necromancy                   1
   b - Animate Skeleton               Necromancy                   1
   c - Vampiric Draining              Necromancy                   3
   d - Regeneration                   Charms/Necromancy            3
   e - Animate Dead                   Necromancy                   4
   f - Borgnjor's Vile Clutch         Necromancy/Earth             5
Comestibles
 b - 14 rations
 k - 3 chunks of flesh


   Skills:
 - Level 2.4 Fighting
 * Level 6.5 Dodging
 - Level 1.0 Stealth
 + Level 7.0 Unarmed Combat
 + Level 0.4 Spellcasting
 + Level 0.8 Necromancy
 * Level 0.5 Invocations


You had 2 spell levels left.
You knew the following spells:

 Your Spells              Type           Power        Failure   Level  Hunger
a - Pain                  Necr           #...         34%         1    ##.....
b - Animate Skeleton      Necr           N/A          34%         1    ##.....
c - Vampiric Draining     Necr           #.........   69%         3    ####...


Dungeon Overview and Level Annotations

Branches:
Dungeon (6/15)
 Temple: D:4-7

Altars:
Cheibriados
Sif Muna
Trog
The Shining One


Innate Abilities, Weirdness & Mutations

You are too large for most types of armour.
You have claws for hands.
Your metabolism is lightning-fast.
You like to eat raw meat.
Your natural rate of healing is unusually fast.
You are covered in fur. (AC +1)
You have very tough skin. (AC +2)
You have a pair of small horns on your head.
You are partially covered in iridescent scales. (AC +2)
Your spells are a little harder to cast, but a little more powerful.
You expend magic power (3 MP) to strengthen your wands.


Message History

Cheibriados rebukes the worker ant.
The worker ant seems to slow down.
Something resists with some effort.
You feel slightly less full.
You feel sick. Something hits you.
* * * LOW HITPOINT WARNING * * *
Something shocks you.
* * * LOW HITPOINT WARNING * * *
The worker ant completely misses you.
You scratch the worker ant.
The worker ant is heavily wounded.
Something barely misses you.
You barely miss the worker ant. You headbutt the worker ant.
The worker ant is severely wounded.
You feel sick. Something hits you but does no damage.
The worker ant misses you.
You scratch the worker ant. You headbutt the worker ant.
The worker ant is almost dead.
You feel sick. Something hits you.
* * * LOW HITPOINT WARNING * * *
Something shocks you.
You die...

###...#######
#...#...# .
#.#####.##...#
##########.......#
#..........##.####
#.........###..#
#.....?...# ##...
#.........# ###.
#...a@....# #
#...........#
#.....<...#...
##############


You could see a worker ant.

Vanquished Creatures
  The ghost of bmj180 the Conjurer, an amateur DECj (D:3)
  An ice beast (D:5)
  The ghost of Iko the Skirmisher, an amateur HOCK of Xom (D:5)
  3 ogres
  2 scorpions
  3 crimson imps (D:5)
  A hound (D:4)
  2 orc priests
  A bullfrog skeleton (D:5)
  2 orc wizards
  4 worker ants
  A hound skeleton (D:4)
  4 gnolls (D:5)
  5 adders
  A shadow imp (D:5)
  An ooze (D:5)
  An adder skeleton (D:5)
  2 worms (D:4)
  A dart slug (D:1)
  6 leopard geckos
  13 orcs
  A ball python (D:1)
  14 giant cockroaches
  9 goblins
  9 hobgoblins
  8 jackals
  9 kobolds
  2 quokkas
  10 bats
  2 frilled lizards (D:1)
  10 rats
130 creatures vanquished.

Notes
Turn   | Place    | Note
-------+----------+-------------------------------------------
     0 | D:1      | asishallab the Troll Monk began the quest for the Orb.
     0 | D:1      | Reached XP level 1. HP: 22/22 MP: 0/0
   101 | D:1      | Reached XP level 2. HP: 29/29 MP: 1/1
   388 | D:1      | Reached XP level 3. HP: 36/36 MP: 2/2
  1013 | D:2      | Reached skill level 4 in Unarmed Combat
  1188 | D:2      | Reached XP level 4. HP: 44/44 MP: 3/3
  1487 | D:3      | Noticed bmj180's ghost (amateur DECj)
  1504 | D:3      | Killed bmj180's ghost
  1504 | D:3      | Reached XP level 5. HP: 19/50 MP: 4/4
  1897 | D:3      | Reached skill level 5 in Unarmed Combat
  2180 | D:4      | Noticed an ogre
  2189 | D:4      | Killed an ogre
  2189 | D:4      | Reached XP level 6. HP: 33/59 MP: 5/5
  2350 | D:4      | Found a glowing golden altar of the Shining One.
  2423 | D:4      | Reached skill level 6 in Unarmed Combat
  2559 | D:4      | Reached skill level 5 in Dodging
  2559 | D:4      | Reached XP level 7. HP: 64/66 MP: 6/6
  2853 | D:5      | Entered Level 5 of the Dungeon
  2930 | D:5      | Gained mutation: You have a pair of small horns on your head. [potion of mutation]
  2930 | D:5      | Gained mutation: Your magical capacity is low. (-10% MP) [potion of mutation]
  2930 | D:5      | Gained mutation: You have a pair of horns on your head. [potion of mutation]
  3215 | D:5      | Lost mutation: Your magical capacity is low. (-10% MP) [potion of mutation]
  3215 | D:5      | Lost mutation: You have a pair of horns on your head. [potion of mutation]
  3215 | D:5      | Gained mutation: You expend magic power (3 MP) to strengthen your wands. [potion of mutation]
  3215 | D:5      | Gained mutation: Your spells are a little harder to cast, but a little more powerful. [potion of mutation]
  3215 | D:5      | Gained mutation: You are partially covered in iridescent scales. (AC +2) [potion of mutation]
  3371 | D:5      | Noticed Iko's ghost (amateur HOCK)
  3386 | D:5      | Killed Iko's ghost
  3386 | D:5      | Reached XP level 8. HP: 68/74 MP: 7/7
  3405 | D:5      | Learned a level 1 spell: Pain
  3407 | D:5      | Learned a level 1 spell: Animate Skeleton
  3411 | D:5      | Learned a level 3 spell: Vampiric Draining
  3571 | D:6      | Reached skill level 7 in Unarmed Combat
  3633 | D:6      | Found a faded altar of an unknown god.
  3633 | D:6      | Found a deep blue altar of Sif Muna.
  3638 | D:6      | Found a bloodstained altar of Trog.
  3640 | D:6      | Found a snail-covered altar of Cheibriados.
  3642 | D:6      | Found a faded altar of an unknown god.
  3646 | D:6      | Became a worshipper of Cheibriados the Contemplative
  3646 | D:6      | Reached * piety under Cheibriados
  3646 | D:6      | Reached ** piety under Cheibriados
  3694 | D:6      | HP: 3/74 [something (6)]
  3697 | D:6      | Slain by a sky beast

Skill      XL: |  1  2  3  4  5  6  7  8 |
---------------+-------------------------+-----
Dodging        | 3 4 5 6 |  6.5
Unarmed Combat | 4 5 6 7 |  7.0
Fighting       | |  2.4
Stealth        | |  1.0
Spellcasting   | |  0.4
Necromancy     | |  0.8
Invocations    | |  0.5

Action                   |  1- 3 |  4- 6 |  7- 9 || total
-------------------------+-------+-------+-------++-------
Melee: Unarmed           |   117 |   131 |   106 ||   354
       Punch             |     1 |       |     3 ||     4
       Headbutt          |       |       |    19 ||    19
Throw: Stone             |     1 |       |       ||     1
       Tomahawk          |    34 |    13 |    28 ||    75
 Cast: Animate Skeleton  |       |       |     1 ||     1
Invok: Bend Time         |       |       |     1 ||     1
Evoke: Wand              |       |       |     1 ||     1
  Use: Potion            |       |     1 |     9 ||    10
       Scroll            |       |       |     6 ||     6
 Stab: Sleeping          |     3 |     1 |     1 ||     5
  Eat: Chunk             |    17 |    12 |    11 ||    40
Armor: Robe              |    41 |    43 |    31 ||   115
Dodge: Dodged            |    97 |    74 |    83 ||   254
